 Dungeon Crawl Stone Soup version 0.22-a0-512-g0943f25 (webtiles) character file.

16 Amnesiac the Chopper (level 2, 0/26 HPs)
             Began as a Hill Orc Monk on June 18, 2018.
             Slain by a jackal (1 damage)
             ... on level 3 of the Dungeon.
             The game lasted 00:03:01 (585 turns).

Amnesiac the Chopper (Hill Orc Monk)                 Turns: 585, Time: 00:03:01

Health: 0/26       AC:  2    Str: 13    XL:     2   Next: 54%
Magic:  2/2        EV: 13    Int: 10    God:
Gold:   75         SH:  0    Dex: 13    Spells: 1/1 levels left

rFire    . . .     SeeInvis .   b - -3 blowgun (curse)
rCold    . . .     Gourm    .   (no shield)
rNeg     . . .     Faith    .   l - +0 robe
rPois    .         Spirit   .   (no helmet)
rElec    .         Reflect  .   (no cloak)
rCorr    .         Harm     .   (no gloves)
MR       .....                  (no boots)
Stlth    ++........             (no amulet)
HPRegen  0.08/turn              (no ring)
MPRegen  0.08/turn              (no ring)

@: no status effects
A: no striking features
a: no special abilities


You were on level 3 of the Dungeon.
You were not hungry.

You visited 1 branch of the dungeon, and saw 3 of its levels.

You collected 75 gold pieces.

Inventory:

Hand Weapons
 a - a +0 hand axe
 b - a cursed -3 blowgun (weapon)
Armour
 l - a +0 robe (worn)
Comestibles
 c - 2 rations
 g - 3 chunks of flesh


   Skills:
 - Level 3.6 Fighting
 - Level 4.0 Axes
 + Level 2.3 Armour
 - Level 2.4 Dodging
 - Level 1.5 Stealth


You had one spell level left.
You didn't know any spells.
Your spell library was empty.

Dungeon Overview and Level Annotations

Branches:
Dungeon (3/15)

Altars:

Annotations:
D:2 Sigmund


Message History

Firing (i - inventory)
m - 4 poisoned needles (quivered)
Press: ? - help, Shift-Dir - straight line, f/p - kobold
Aim: a kobold You shoot a poisoned needle.
The poisoned needle hits the kobold.
The kobold hits you.
* * * LOW HITPOINT WARNING * * *
The jackal barely misses you.
Firing (i - inventory)
m - 3 poisoned needles (quivered)
Press: ? - help, Shift-Dir - straight line, f/p - kobold
Aim: a kobold You shoot a poisoned needle.
The poisoned needle hits the kobold.
The jackal bites you but does no damage.
The kobold hits you but does no damage.
Firing (i - inventory)
m - 2 poisoned needles (quivered)
Press: ? - help, Shift-Dir - straight line, f/p - kobold
Aim: a kobold You shoot a poisoned needle.
The poisoned needle hits the kobold.
The jackal barely misses you. The kobold hits you.
* * * LOW HITPOINT WARNING * * *
The jackal closely misses you.
Firing (i - inventory)
m - a poisoned needle (quivered)
Press: ? - help, Shift-Dir - straight line, f/p - kobold
Aim: a kobold You shoot a poisoned needle.
The poisoned needle barely misses the kobold.
The poisoned needle barely misses the frilled lizard.
The poisoned needle barely misses the hobgoblin.
The jackal barely misses you. The kobold barely misses you.
Firing (i - inventory) No suitable missiles.
Press: ? - help, Shift-Dir - straight line, f/p - kobold
Aim: a kobold
Okay, then.
Firing (i - inventory) No suitable missiles.
Press: ? - help, Shift-Dir - straight line, f/p - kobold
Aim: a kobold
Okay, then.
Firing (i - inventory) No suitable missiles.
Press: ? - help, Shift-Dir - straight line, f/p - kobold
Aim: a kobold
Okay, then.
Firing (i - inventory) No suitable missiles.
Press: ? - help, Shift-Dir - straight line, f/p - kobold
Aim: a kobold
Okay, then.
You can't unwield your weapon to draw a new one!
You aren't carrying any scrolls.
Okay, then.
Really quaff
i - a potion of curing {!q}?
You feel better. The jackal closely misses you. The kobold hits you.
* * * LOW HITPOINT WARNING * * *
The jackal completely misses you.
Really attack while wielding your cursed -3 blowgun?
You clumsily bash the kobold but do no damage.
The jackal completely misses you. The kobold hits you.
* * * LOW HITPOINT WARNING * * *
The jackal bites you.
* * * LOW HITPOINT WARNING * * *
The kobold closely misses you.
You barely miss the kobold.
The jackal bites you but does no damage.
The kobold hits you.
* * * LOW HITPOINT WARNING * * *
The jackal bites you.
You die...

..(. ... .(# ... #g#
#l# #K# .# #@# #># #h#
#.# #g# #.# ###### #g#
#.# ##...... #g# #.#
#....# #h#####.###<.#
#......h.....####
#.....?.)...........#
....########.####.###.#


You could see 2 jackals, 2 hobgoblins, 2 goblins, a kobold and a frilled lizard.

Vanquished Creatures
  2 bats
  3 goblins
  A hobgoblin (D:2)
  6 kobolds
  3 frilled lizards
  A rat (D:1)
16 creatures vanquished.

Notes
Turn   | Place    | Note
-------+----------+-------------------------------------------
     0 | D:1      | Amnesiac the Hill Orc Monk began the quest for the Orb.
     0 | D:1      | Reached XP level 1. HP: 19/19 MP: 1/1
   116 | D:1      | Reached skill level 1 in Armour
   273 | D:1      | Reached XP level 2. HP: 26/26 MP: 2/2
   329 | D:2      | Noticed Sigmund
   585 | D:3      | HP: 1/26 [kobold (4)]
   585 | D:3      | Slain by a jackal

Vault maps used:
D:1:      minmay_arrival_three_doors, wad_floor_pattern_1, roderic_lattice_a,
          st_stairs_8
D:2:      uniq_sigmund
D:3:      lemuel_zombie_altar_yredelemnul, first_ration

Skill      XL: |  1  2 |
---------------+-------+-----
Armour         | 1 2 |  2.3
Fighting       | |  3.6
Axes           | |  4.0
Dodging        | |  2.4
Stealth        | |  1.5

Action                   || total
-------------------------++-------
Melee: Hand axe          ||    30
       Blowgun           ||     2
 Fire: Blowgun           ||    11
  Use: Scroll            ||     6
       Potion            ||     1
 Stab: Sleeping          ||     1
Armor: Robe              ||    12
Dodge: Dodged            ||    46

Table legend:
 A = Spawn XP
 B = Non-spawn XP
 C = Spawn XP percentage of total XP
 D = Spawn monster count
 E = Non-spawn monster count
 F = Spawn count percentage of total count
 G = Total turns spent on level
                    A         B        C        D         E        F      G
               +---------+---------+-------+---------+---------+-------+---------
         Total |       0 |      23 |   0.0 |       0 |      16 |   0.0 |   585
               +---------+---------+-------+---------+---------+-------+---------
           D:1 |       0 |      16 |   0.0 |       0 |      10 |   0.0 |   305
           D:2 |       0 |       5 |   0.0 |       0 |       4 |   0.0 |   226
           D:3 |       0 |       2 |   0.0 |       0 |       2 |   0.0 |    54
               +---------+---------+-------+---------+---------+-------+---------
